 Dungeon Crawl Stone Soup version 0.17.1-1-g73c8601 (webtiles) character file.

2 Implojin the Shield-Bearer (level 1, 0/22 HPs)
             Began as a Troll Fighter on Apr 8, 2016.
             Slain by a goblin (1 damage)
             ... led by Robin
             ... on level 2 of the Dungeon.
             The game lasted 00:00:47 (112 turns).

Implojin the Shield-Bearer (Troll Fighter)           Turns: 112, Time: 00:00:47

Health: 0/22       AC:  5    Str: 23    XL:     1   Next: 33%
Magic:  0/0        EV:  8    Int:  4    God:
Gold:   0          SH:  8    Dex:  9    Spells: 0 memorised, 0 levels left

rFire  . . .     SeeInvis .       - Unarmed
rCold  . . .     Clarity  .     a - +0 robe
rNeg   . . .     SustAt   .     b - +0 shield
rPois  .         Gourm    +     (helmet restricted)
rElec  .         Spirit   .     (no cloak)
rCorr  .         Warding  .     (gloves unavailable)
rMut   .         Stasis   .     (boots unavailable)
MR     .....                    (no amulet)
Stlth  +.........               (no ring)
                                (no ring)

@: lethally poisoned (0 -> 0), not resistant to hostile enchantments, very
unstealthy
A: unfitting armour, claws 3, fast metabolism 3, gourmand, regeneration 2,
shaggy fur 1, tough skin 2
a: no special abilities


You were on level 2 of the Dungeon.
You were not hungry.

You visited 1 branch of the dungeon, and saw 2 of its levels.

Inventory:

Armour
 a - a +0 robe (worn)
 b - a +0 shield (worn)
Jewellery
 g - an uncursed ring of flight {unknown}
Scrolls
 e - a scroll of recharging {unknown}
 f - a scroll of enchant weapon {unknown}
 h - a scroll of magic mapping {unknown}
Potions
 c - a potion of might
Comestibles
 d - 2 bread rations


   Skills:
 - Level 2.4 Fighting
 - Level 2.4 Dodging
 - Level 2.4 Shields
 * Level 2.2 Unarmed Combat


You couldn't memorise any spells.
You didn't know any spells.

Dungeon Overview and Level Annotations

Branches:
Dungeon (2/15)

Altars:

Annotations:
D:2 Robin


Innate Abilities, Weirdness & Mutations

You are too large for most types of armour.
You have claws for hands.
Your metabolism is lightning-fast.
You like to eat raw meat.
You heal very quickly.
You are covered in fur (AC +1).
You have very tough skin (AC +2).


Message History

The bat hits you but does no damage. Robin throws the goblin at you!
The goblin unwields an uncursed hunting sling.
You block the goblin's attack. The bat hits you but does no damage.
The bat hits you but does no damage. The bat hits you but does no damage.
You block the bat's attack. The bat hits you but does no damage.
You claw the adder!
The adder is heavily wounded.
The bat barely misses you. The adder bites you.
* * * LOW HITPOINT WARNING * * *
You are poisoned.
The adder poisons you! The bat hits you but does no damage.
You block the goblin's attack.
Robin roars a battlecry!
You block the adder's attack.
You miss the adder.
The adder is heavily wounded.
You feel sick. The bat hits you but does no damage. The bat barely misses you.
The adder barely misses you.
You barely miss the adder.
The adder is heavily wounded.
You block the bat's attack. The adder barely misses you.
The goblin closely misses you. You block the bat's attack.
You scratch the adder.
The adder is severely wounded.
You block the bat's attack. The adder bites you but does no damage.
The hobgoblin hits you with a club.
* * * LOW HITPOINT WARNING * * *
The bat hits you but does no damage. The goblin hits you.
* * * LOW HITPOINT WARNING * * *
The adder bites you.
* * * LOW HITPOINT WARNING * * *
You scratch the adder.
The adder is severely wounded.
You feel sick. The bat hits you but does no damage.
You block the hobgoblin's attack. The adder bites you.
* * * LOW HITPOINT WARNING * * *
The goblin hits you.
You die...

......##..##..........#..##...
..............#...###.........
......g(gg###.....#.....((...#
.......##..####......####.<.##
.....%....gg.#......# #...#
####...###gg.......... #..##
#.....(..###........ .g..
#.#ggg#####S......###....K
#..##...#gb@g.#.. ...S... ###
##.ggr##g...... ###..###
#......g...... ...#
............##.##
..............# #
............#...
.).........####. ...........#
.# .#..$......#


You could see Robin, an adder, a hobgoblin (frenzied), 4 goblins, a bat and a
rat.

Vanquished Creatures
  A goblin (D:2)
  A kobold (D:2)
2 creatures vanquished.

Notes
Turn   | Place    | Note
--------------------------------------------------------------
     0 | D:1      | Implojin the Troll Fighter began the quest for the Orb.
     0 | D:1      | Reached XP level 1. HP: 22/22 MP: 0/0
    91 | D:2      | Noticed Robin
   112 | D:2      | HP: 1/22 [adder (5)]
   112 | D:2      | Slain by a goblin

Action                   || total
-------------------------++-------
Melee: Unarmed           ||     9

Table legend:
 A = Turns spent in this place as a percentage of turns spent in the entire game.
 B = Non-inter-level travel turns spent in this place as a percentage of non-inter-level travel turns spent in the entire game.
 C = Inter-level travel turns spent in this place as a percentage of turns spent in this place.
 D = Turns resting spent in this place as a percentage of non-inter-level travel turns spent in this place.
 E = Turns spent auto-exploring this place as a percentage of non-inter-level travel turns spent in this place.
 F = Non-inter-level travel turns spent in this place divided by the number of levels of this place that you've seen.
                   A       B       C       D       E      F
               +-------+-------+-------+-------+-------+----------------------
         Total | 100.0 | 100.0 |   0.0 |   0.0 |   0.0 |  56.0
       Dungeon | 100.0 | 100.0 |   0.0 |   0.0 |   0.0 |  56.0
               +-------+-------+-------+-------+-------+----------------------

Table legend:
 A = Kills in this place as a percentage of kills in entire the game.
 B = Kills by you in this place as a percentage of kills by you in the entire game.
 C = Kills by friends in this place as a percentage of kills by friends in the entire game.
 D = Other kills in this place as a percentage of other kills in the entire game.
 E = Experience gained in this place as a percentage of experience gained in the entire game.
 F = Experience gained in this place divided by the number of levels of this place that you have seen.
                   A       B       C       D       E      F
               +-------+-------+-------+-------+-------+----------------------
         Total | 100.0 | 100.0 |  -nan |  -nan | 100.0 |   2.0
       Dungeon | 100.0 | 100.0 |  -nan |  -nan | 100.0 |   2.0
               +-------+-------+-------+-------+-------+----------------------
